AoeStats
← ScareCroW

Arena

507528209Analyzed
2v2 RM · 13d ago on Sep 18, 2026· 31m 27s· 4 players
Game mode
Random Map
Map size
Medium (4 player)
Population
200
Speed
Normal
Resources
Standard
Victory
Conquest
Starting age
Dark Age
Ending age
Imperial Age
RankedLock teamsTeams togetherTeam positionsShared explorationLock speedFull tech treeHidden civsTurbo modeCheats
Victory
Defeat
🇮🇳 Bulgarians · India
802
+18
🇮🇳 Mongols · India
792
+18
🇪🇸 Italians · Spain
838
-18
🇹🇼 Huns · Taiwan
837
-18
Julio Cesar
0:33 Loom
12:34 Feudal Age
18:55 Horse Collar
19:07 Double-Bit Axe
21:57 Castle Age
21:28 Gold Mining
21:30 Stone Mining
22:53 Heavy Plow
24:02 Treadmill Crane
27:20 Imperial Age
25:12 Bow Saw
27:34 Fortified Wall
27:17 Heated Shot
30:21 Chemistry
verna7019
3:23 Loom
10:41 Feudal Age
16:11 Castle Age
14:57 Double-Bit Axe
20:32 Fervor
24:28 Horse Collar
25:22 Bow Saw
26:22 Heavy Plow
27:16 Thumb Ring
26:32 Crossbowman
28:24 Gold Mining
29:04 Stone Mining
30:19 Ballistics
30:17 Fletching
33:29 Imperial Age
31:02 Padded Archer Armor
huntsman112
10:10 Feudal Age
15:02 Horse Collar
16:22 Loom
19:31 Castle Age
17:47 Double-Bit Axe
19:01 Gold Mining
20:04 Bloodlines
20:58 Bow Saw
21:27 Gold Shaft Mining
22:03 Husbandry
25:16 Stone Mining
27:00 Scale Barding Armor
28:08 Scale Mail Armor
31:26 Stirrups
ScareCroW
9:41 Feudal Age
10:12 Horse Collar
10:18 Double-Bit Axe
13:55 Loom
16:14 Castle Age
15:48 Forging
15:52 Gold Mining
16:47 Scale Barding Armor
21:09 Loom
21:50 Bloodlines
24:37 Chain Barding Armor
25:50 Wheelbarrow
26:46 Stone Mining
27:31 Ballistics
27:49 Iron Casting
28:38 Husbandry
Connection lost

Rejoining the realm…

Still unreachable

The connection could not be restored.

Session expired

The server has moved on; the page needs a fresh start.